 Dungeon Crawl Stone Soup version 0.31-a0-532-g28f74ba3e5 (webtiles) character file.

Game seed: 4558060148380801674

543 mandarbmax the Slasher (level 7, -2/61 HPs)
             Began as a Green Draconian Berserker on Aug 12, 2023.
             Was a Believer of Trog.
             Killed from afar by a white imp (10 damage)
             ... with a puff of frost
             ... on level 5 of the Dungeon.
             The game lasted 00:04:34 (3374 turns).

mandarbmax the Slasher (Green Draconian Berserker)  Turns: 3374, Time: 00:04:35

Health: -2/61      AC:  6    Str: 19    XL:     7   Next: 6%
Magic:  7/7        EV: 13    Int:  8    God:    Trog [**....]
Gold:   228        SH:  0    Dex: 12    Spells: 6/6 levels left

rFire   . . .        a - +0 falchion
rCold   . . .        (no shield)
rNeg    . . .        (body armour unavailable)
rPois   +            (helmet restricted)
rElec   .            (no cloak)
rCorr   .            (no gloves)
SInv    .            (no boots)
Will    .....        (no amulet)
Stlth   +            (no ring)
HPRegen 0.30/turn    (no ring)
MPRegen 0.10/turn

%: no passive effects
@: short of breath, on berserk cooldown
A: breathe noxious fumes, AC +6, unfitting armour, poison resistance,
cold-blooded
a: Breathe Noxious Fumes, Renounce Religion, Berserk, Trog's Hand


You were on level 5 of the Dungeon.
You worshipped Trog.
Trog was pleased with you.
You visited 2 branches of the dungeon, and saw 6 of its levels.

You collected 228 gold pieces.

Inventory:

Hand Weapons
 a - a +0 falchion (weapon)
 g - a +0 long sword
Scrolls
 d - a scroll of revelation {unknown}
 i - 2 scrolls of enchant armour
 l - 3 scrolls of poison {unknown}
 n - a scroll of enchant weapon {unknown}
 o - a scroll of butterflies {unknown}
Potions
 b - 3 potions of curing {unknown}
 c - a potion of ambrosia
 e - a potion of mutation {unknown}
 f - a potion of invisibility {unknown}
 h - 2 potions of might {unknown}
 j - 2 potions of lignification {unknown}
 k - a potion of heal wounds
 m - a potion of cancellation {unknown}


   Skills:
 + Level 5.2 Fighting
 * Level 6.1 Long Blades
 + Level 4.3 Dodging


You had 6 spell levels left.
You didn't know any spells.
Your spell library was empty.

Dungeon Overview and Level Annotations

Branches:
Dungeon (5/15)             Temple (1/1) D:4

Altars:
Cheibriados
Fedhas
Gozag
Makhleb
Nemelex Xobeh
Okawaru
Ru
Sif Muna
Trog
Uskayaw
Vehumet
Wu Jian
Zin

Shops:
D:3 (


Innate Abilities, Weirdness & Mutations

You can breathe blasts of noxious fumes.
Your lurid green scales are hard. (AC +6)
You cannot fit into any form of body armour.
Your system is resistant to poisons. (rPois)
You are cold-blooded and may be slowed by cold attacks.


Message History

You feel less confused.
You hear some strange, mumbled words.
Something tries to affect you, but you resist.
You hear some strange, mumbled words.
A magic dart appears from out of thin air!
The magic dart hits you!
Aiming: Breathe Noxious Fumes (5% risk of failure)
Press: ? - help, Shift-Dir - straight line You exhale a blast of noxious fumes.
Something hits you but does no damage.
The white imp shouts, "Embrace submission, thou unmuzzled clay-brained pigeon-egg!"
Unknown command.
You miss something.
Your tail-slap misses something.
Something hits you.
* * * LOW HITPOINT WARNING * * *
You hear some strange, mumbled words.
A puff of flame appears from out of thin air!
The puff of flame hits you.
* * * LOW HITPOINT WARNING * * *
The white imp gestures at you.
The puff of frost hits something!
Reactivating autopickup.
You feel a bit more experienced. The white imp gestures at you.
The puff of frost hits you.
* * * LOW HITPOINT WARNING * * *
Things that are here:
a +0 dagger; a +0 robe; an orc corpse You closely miss the white imp.
You tail-slap the white imp, but do no damage.
You feel yourself speed up. The white imp closely misses you.
The white imp shouts, "Return whence thou came, thou unmuzzled fen-sucked clotpole!"
The white imp closely misses you.
You hit the white imp.
The white imp is heavily wounded.
The white imp misses you.
You closely miss the white imp.
The white imp is heavily wounded.
The white imp gestures at you. The puff of frost hits you!
You die...

. .. ...
######....
.........
###.#####.#......
........@5)......
###.#####........
#####.... ##.


You could see a white imp.

Vanquished Creatures
  An ogre (D:4)
  2 phantoms (D:4)
  A scorpion (D:4)
  A jelly (D:4)
  A hound (D:4)
  An iguana (D:4)
  An orc wizard (D:5)
  5 adders
  A white imp (D:4)
  An ufetubus (D:4)
  A worm (D:2)
  2 dart slugs
  2 orcs
  3 ball pythons
  11 endoplasms
  2 giant cockroaches
  8 goblins
  5 hobgoblins
  6 jackals (D:2)
  4 quokkas
  2 bats (D:2)
  3 frilled lizards
  3 kobolds
  4 rats
71 creatures vanquished.

Vanquished Creatures (others)
  An orc wizard (D:5)
1 creature vanquished.

Grand Total: 72 creatures vanquished

Notes
Turn   | Place    | Note
-------+----------+-------------------------------------------
     0 | D:1      | mandarbmax the Draconian Berserker began the quest for the
                  | Orb.
     0 | D:1      | Reached XP level 1. HP: 19/19 MP: 1/1
   313 | D:1      | Reached XP level 2. HP: 7/26 MP: 2/2
   743 | D:2      | Found a faded altar of an unknown god.
   821 | D:2      | Found an ornate altar of the Wu Jian Council.
   978 | D:2      | Reached XP level 3. HP: 31/33 MP: 3/3
  1123 | D:2      | Reached ** piety under Trog
  1518 | D:3      | Reached skill level 4 in Long Blades
  1615 | D:3      | Found Nittiuxi's Antique Weapon Shoppe.
  1715 | D:3      | Reached XP level 4. HP: 35/40 MP: 4/4
  1949 | D:3      | Found a sparkling altar of Nemelex Xobeh.
  1950 | D:3      | Found an opulent altar of Gozag.
  2198 | D:4      | Noticed a phantom
  2213 | D:4      | Killed a phantom
  2214 | D:4      | Reached XP level 5. HP: 46/46 MP: 5/5
  2364 | D:4      | Noticed a phantom
  2371 | D:4      | Killed a phantom
  2372 | D:4      | Reached skill level 5 in Long Blades
  2444 | D:4      | Found a staircase to the Ecumenical Temple.
  2510 | Temple   | Entered the Ecumenical Temple
  2520 | D:4      | HP: 2/70 [acid (10)]
  2522 | D:4      | Reached XP level 6. HP: 2/53 MP: 6/6
  2790 | D:4      | Found an iron altar of Okawaru.
  3023 | D:4      | Reached skill level 5 in Fighting
  3111 | D:4      | Found a sacrificial altar of Ru.
  3143 | D:4      | Reached skill level 6 in Long Blades
  3332 | D:5      | Entered Level 5 of the Dungeon
  3348 | D:5      | Your scales start taking on a lurid green colour.
  3348 | D:5      | Reached XP level 7. HP: 61/61 MP: 7/7
  3348 | D:5      | Gained mutation: Your system is resistant to poisons.
                  | (rPois) [Green Draconian growth]
  3374 | D:5      | Killed from afar by a white imp

Illustrated notes

Levels and vault maps discovered:
D:1:      lemuel_arrival_broad_hall, layout_loops_ring, minmay_pentomino_x2
D:2:      layout_basic, basic_ecumenical_altar, basic_altar
D:3:      layout_loops_ring, grunt_temple_overflow_opulence, serial_shops, shop
D:4:      layout_cave_pools, okawaru_ov_weapons_minmay,
          nicolae_ru_sacrificial_ziggurat, minmay_temple_entry_sparse_star
D:5:      layout_basic, st_stairs_13
Temple:   hellmonk_temple_rainy

Skill      XL: |  1  2  3  4  5  6 |
---------------+-------------------+-----
Dodging        | 3 4 |  4.3
Long Blades    | 4 5 6 |  6.1
Fighting       | 4 5 |  5.2

Action                     |  1- 3 |  4- 6 |  7- 9 || total
---------------------------+-------+-------+-------++-------
  Melee: Falchion          |    92 |   141 |    13 ||   246
         Tailslap          |     9 |    15 |     1 ||    25
         Punch             |     1 |       |       ||     1
 Invoke: Berserk           |     2 |     5 |       ||     7
Ability: Breathe Noxious F |       |       |     1 ||     1
    Use: Scroll            |       |     4 |       ||     4
   Stab: Sleeping          |     1 |     2 |       ||     3
 Armour: Skin              |    23 |    43 |     8 ||    74
  Dodge: Dodged            |    55 |    87 |     7 ||   149

Table legend: (Time is in decaauts)
 A = Elapsed time spent in this place.
 B = Non-inter-level travel time spent in this place.
 C = Inter-level travel time spent in this place.
 D = Time resting spent in this place.
 E = Time spent auto-exploring this place.
 F = Levels seen in this place.
 G = Mean time per level.
                   A        B        C        D        E       F      G
               +--------+--------+--------+--------+--------+-----+--------+
         Total |   3474 |   3345 |    129 |    397 |   2368 |   6 |  579.0 |
       Dungeon |   3289 |   3160 |    129 |    217 |   2368 |   5 |  657.8 |
        Temple |    185 |    185 |      0 |    180 |      0 |   1 |  185.0 |
               +--------+--------+--------+--------+--------+-----+--------+

Top non-repeatable levels by time:
     D:4: 975 daAuts
     D:2: 797 daAuts
     D:3: 736 daAuts
     D:1: 732 daAuts
  Temple: 185 daAuts
     D:5: 48 daAuts
